cohdb
Replays
Latest Replays
All Replays
Popular Replays
Top Player Replays
Match Explorer
How It Works
Community
CoH3 Stats
Reddit
Sign in to upload your games and track your stats! →
Sign in with Steam
Match 39730120
Unlisted
Match 39730120
Overview
Messages
Build Orders
End
Kradschützen Motorcycle Team
250 Light Carrier
Selects Panzerjäger Kommand Battlegroup
Selects Mine Fields
Construct Light Support Kompanie
2.5-tonne Medical Truck
MG34 Team
Combat Half-tracks
Panzerjäger Squad
Selects Tank Busters
Forward Retreat Point
Assault Grenadier Squad
Construct Mechanized Kompanie
254 Reconnaissance Tractor
Marder III Tank Destroyer
Selects Defensive Positions
MG34 Team
Selects Butterfly Bomb Drop
Butterfly Bomb Drop
Construct Panzerarmee Kommand
Vehicle Survival Package
Tungsten Core Ammunition
254 Reconnaissance Tractor
Selects Crew Shock Tactics
Butterfly Bomb Drop
Assault Mechanized Group
Armored Reserves
Panzerjäger Squad
Panzer IV Assault Group
Emergency Repair Kits
2.5-tonne Medical Truck
254 Reconnaissance Tractor
Selects Elefant Tank Destroyer
[ALKI] Johnny B. Goode
djkeenan
Guardsman_12
chell007
Tougrel
Tr3adstone
vonAJ
Billtvgr
0
0
Comments
sign in to comment!
No comments posted yet!